AoeStats
← hiyro

Arena

508494195Analyzed
1v1 RM · 10d ago on Sep 22, 2026· 29m 21s· 2 players
Game mode
Random Map
Map size
Tiny (2 player)
Population
200
Speed
Normal
Resources
Standard
Victory
Conquest
Starting age
Dark Age
Ending age
Imperial Age
RankedLock teamsTeams togetherTeam positionsShared explorationLock speedFull tech treeHidden civsTurbo modeCheats
Victory
Defeat
🇪🇸 Turks · Spain
1010
+14
🇷🇴 Turks · Romania
965
-14
hiyro
10:46 Feudal Age
12:36 Loom
15:26 Castle Age
13:54 Double-Bit Axe
14:28 Horse Collar
22:20 Wheelbarrow
22:25 Heavy Plow
22:39 Bow Saw
22:46 Stone Mining
28:28 Imperial Age
26:16 Hand Cart
27:39 Gold Mining
29:21 Gold Shaft Mining
28:41 Town Watch
Kikips93
13:24 Feudal Age
18:00 Castle Age
24:01 Imperial Age
21:38 Horse Collar
21:59 Double-Bit Axe
26:47 Wheelbarrow
28:44 Hand Cart
Connection lost

Rejoining the realm…

Still unreachable

The connection could not be restored.

Session expired

The server has moved on; the page needs a fresh start.